 Dungeon Crawl Stone Soup version 0.19.1 (webtiles) character file.

5596 Idleism the Cruncher (level 10, -1/68 HPs)
             Began as a Gargoyle Gladiator on Dec 6, 2016.
             Was a Believer of Qazlal.
             Killed by divine providence
             ... invoked by an orc priest
             ... summoned by an orc
              (15 damage)
             ... in a bailey.
             The game lasted 00:36:07 (7973 turns).

Idleism the Cruncher (Gargoyle Gladiator)           Turns: 7973, Time: 00:36:08

Health: -1/68      AC: 22    Str: 21    XL:     10   Next: 73%
Magic:  10/10      EV: 12    Int:  9    God:    Qazlal [**....]
Gold:   312        SH:  7    Dex: 11    Spells: 0 memorised, 9 levels left

rFire  . . .     SeeInvis .     j - +4 quarterstaff (protect)
rCold  . . .     Gourm    .     e - +0 ring mail
rNeg   + . .     Faith    .     (shield currently unavailable)
rPois  ∞         Spirit   .     t - +0 helmet
rElec  +         Reflect  .     (no cloak)
rCorr  .         Harm     .     (no gloves)
MR     .....                    (no boots)
Stlth  ..........               A - amulet of magic regeneration
                                (no ring)
                                (no ring)

@: protection aura
A: large bone plates 1, negative energy resistance 1, electricity resistance,
slow regeneration 1, unbreathing, petrification resistance, rot immunity, sturdy
frame 1, AC +7
a: Upheaval, Renounce Religion


You were in a bailey.
You worshipped Qazlal.
Qazlal was pleased with you.
You were hungry.

You visited 2 branches of the dungeon, and saw 8 of its levels.
You also visited: Ossuary and Bailey.

You collected 528 gold pieces.
You spent 216 gold pieces at shops.

Inventory:

Hand Weapons
 a - a +0 quarterstaff
 j - a +4 quarterstaff of protection (weapon)
Missiles
 d - 3 throwing nets (quivered)
Armour
 e - a +0 ring mail (worn)
 g - a +0 leather armour of cold resistance
 t - a +0 helmet (worn)
 F - a +0 plate armour
 L - a +0 cloak
Magical Staves
 r - an uncursed staff of air
 H - an uncursed staff of death {unknown}
Jewellery
 A - an amulet of magic regeneration (around neck)
Wands
 b - a wand of polymorph (11/24)
 p - a wand of disintegration (17/24)
 q - a wand of polymorph (11/24)
 u - a wand of random effects (22/48)
 w - a wand of paralysis (10/24)
Scrolls
 c - 2 scrolls of enchant weapon {unknown}
 l - 5 scrolls of identify
 n - 8 scrolls of remove curse
 s - a scroll of summoning
 y - a scroll of recharging {unknown}
 z - a scroll of amnesia {unknown}
 C - a scroll of immolation {unknown}
 E - 2 scrolls of vulnerability {unknown}
 G - 2 scrolls of noise {unknown}
Potions
 h - a potion of brilliance
 i - a potion of magic
 v - a potion of curing
 D - a potion of flight
 J - 2 potions of ambrosia
Comestibles
 f - 5 bread rations
 k - 2 royal jellies
 m - 2 beef jerkies
 o - 4 meat rations
 M - a slice of pizza


   Skills:
 - Level 10.0 Fighting
 - Level 10.2 Staves
 - Level 1.7 Throwing
 + Level 9.2 Armour
 - Level 2.4 Dodging


You had 9 spell levels left.
You didn't know any spells.

Dungeon Overview and Level Annotations

Branches:
Dungeon (7/15)             Temple (1/1) D:4

Altars:
Ashenzari
Cheibriados
Elyvilon
Fedhas
Gozag
Hepliaklqana
Kikubaaqudgha
Makhleb
Nemelex Xobeh
Okawaru
Qazlal
Ru
Sif Muna
Uskayaw
Vehumet
Xom
Yredelemnul
Zin

Shops:
D:4 [   D:5 (


Innate Abilities, Weirdness & Mutations

You are resistant to torment.
Your stone body is resilient. (AC +7)
You are immune to poison.
You resist negative energy. (rN+)
You are resistant to electric shocks. (rElec)
You can survive without breathing.
You are immune to petrification.
You are immune to rotting.
You are partially covered in large bone plates. (SH +4)
You regenerate slowly when monsters are visible.
Your movements are slightly less encumbered by armour. (ER -2)


Message History

There is an open door, spattered with blood here.
Items here: )))) [[[ You hit the orc.
Your weapon exudes an aura of protection.
You kill the orc!
The orc's corpse dissolves into shadows!
You block the orc's attack.
The orc dissolves into shadows!
You closely miss the orc. The gnoll completely misses you.
You sock the orc!
You kill the orc!
Qazlal accepts your kill. The gnoll misses you.
You hit the orc.
You kill the orc!
The orc's corpse dissolves into shadows!
The orc warrior dissolves into shadows!
The gnoll hits you but does no damage.
The orc priest invokes the aid of Beogh against you.
Beogh smites you!
You die...

############ #######
##.∩))).....## ##.....#####
#....))).....######.......#...
#..))))....§.#g.§)#oo.....'...
#∩...).......@§))oo)o.....'...
#.........)§§#)§.)#)...)).'...
#............######.......#ooo
##.∩........## ##.....#####
############ #######


You could see an orc knight, an orc priest, a gnoll and 3 orcs.

Vanquished Creatures
  3 orc knights (Bailey)
  Joseph (D:7)
  The ghost of Wardy the Magician, a novice DECj of Vehumet (D:5)
  The ghost of azzavlup the Chiller, a novice MfIE of Yredelemnul (Ossuary)
  The ghost of Philosophy the Shield-Bearer, an amateur FoFi of Okawaru (D:4)
  Grinder (D:3)
  Eustachio (D:4)
  Edmund (D:5)
  An ice beast (D:6)
  12 orc warriors
  4 ogres
  A phantom (D:6)
  A centaur (D:6)
  A gnoll sergeant (D:6)
  4 water moccasin zombies (Ossuary)
  A howler monkey (D:6)
  A hound (D:6)
  A bullfrog skeleton (D:6)
  A jelly (D:5)
  4 orc wizards
  An iguana (D:4)
  4 worker ants
  5 big kobold zombies (Ossuary)
  2 mummies (Ossuary)
  A worker ant zombie (D:6)
  A howler monkey zombie (D:6)
  Robin (D:3)
  11 gnolls
  10 adders
  A shadow imp (D:5)
  2 oozes
  2 adder zombies (Ossuary)
  5 worms
  2 dart slugs
  4 leopard geckos
  37 orcs
  3 ball pythons
  6 bats
  6 giant cockroaches
  2 gnoll zombies (Ossuary)
  15 hobgoblins
  4 jackals
  3 quokkas
  2 frilled lizards
  25 goblins
  10 hobgoblin zombies (Ossuary)
  2 jackal skeletons (D:4)
  6 kobolds
  7 kobold zombies (Ossuary)
  An orc zombie (Ossuary)
  A quokka skeleton (D:6)
  6 rats
230 creatures vanquished.

Vanquished Creatures (collateral kills)
  An orc (Bailey)
1 creature vanquished.

Vanquished Creatures (others)
  A fulminant prism (D:5)
1 creature vanquished.

Grand Total: 232 creatures vanquished

Notes
Turn   | Place    | Note
-------+----------+-------------------------------------------
     0 | D:1      | Idleism the Gargoyle Gladiator began the quest for the Orb.
     0 | D:1      | Reached XP level 1. HP: 12/12 MP: 1/1
   159 | D:1      | Reached XP level 2. HP: 13/17 MP: 2/2
   268 | D:1      | Reached XP level 3. HP: 21/21 MP: 3/3
  1028 | D:2      | Found a sacrificial altar of Ru.
  1034 | D:2      | Reached XP level 4. HP: 16/26 MP: 4/4
  1369 | D:2      | Reached skill level 5 in Staves
  1618 | D:3      | Noticed Robin
  2017 | D:3      | Killed Robin
  2017 | D:3      | Reached XP level 5. HP: 24/30 MP: 5/5
  2525 | D:3      | Noticed Grinder
  2526 | D:3      | Paralysed by Grinder for 4 turns
  2541 | D:3      | Gained mutation: You regenerate slowly when monsters are visible. [potion of mutation]
  2541 | D:3      | Gained mutation: You are partially covered in large bone plates. (SH +4) [potion of mutation]
  2541 | D:3      | Gained mutation: Your movements are slightly less encumbered by armour. (ER -2) [potion of mutation]
  2544 | D:3      | Killed Grinder
  2544 | D:3      | Reached XP level 6. HP: 23/35 MP: 6/6
  2849 | D:3      | Found a glowing silver altar of Zin.
  2849 | D:3      | Found a faded altar of an unknown god.
  2855 | D:3      | Found a faded altar of an unknown god.
  2876 | D:3      | Found a faded altar of an unknown god.
  2877 | D:3      | Found a shattered altar of Ashenzari.
  2943 | D:4      | Found Istuupoxono's Armour Emporium.
  3034 | D:4      | Found a staircase to the Ecumenical Temple.
  3038 | Temple   | Entered the Ecumenical Temple
  3117 | Temple   | Became a worshipper of Qazlal Stormbringer
  3190 | D:4      | Reached XP level 7. HP: 21/40 MP: 7/7
  3380 | D:4      | Noticed Eustachio
  3388 | D:4      | Noticed Philosophy's ghost (amateur FoFi)
  3699 | D:4      | Killed Eustachio
  3982 | D:4      | Found a sacrificial altar of Ru.
  4130 | D:4      | Killed Philosophy's ghost
  4130 | D:4      | Reached XP level 8. HP: 24/44 MP: 8/8
  4417 | D:5      | Entered Level 5 of the Dungeon
  4577 | D:5      | Found Ledd's Antique Weapon Emporium.
  4583 | D:5      | Bought a dazzling quarterstaff for 216 gold pieces
  4583 | D:5      | Identified the +1 quarterstaff of Ojuos {freeze, *Rage Fragile +Inv SInv} (You bought it in a shop on level 5 of the Dungeon)
  4942 | D:5      | Noticed Wardy's ghost (novice DECj)
  4958 | D:5      | Killed Wardy's ghost
  4958 | D:5      | Reached skill level 10 in Staves
  5620 | D:6      | Reached * piety under Qazlal
  5678 | D:6      | Reached skill level 5 in Fighting
  5793 | D:6      | Reached XP level 9. HP: 34/56 MP: 9/9
  5892 | D:6      | Found a sand-covered staircase.
  5897 | Ossuary  | Entered an ossuary
  5920 | Ossuary  | Noticed azzavlup's ghost (novice MfIE)
  6068 | Ossuary  | Reached ** piety under Qazlal
  6157 | Ossuary  | Killed azzavlup's ghost
  6793 | D:6      | Noticed Edmund
  6811 | D:5      | Killed Edmund
  6880 | D:6      | Reached skill level 10 in Fighting
  7020 | D:7      | Noticed Joseph
  7058 | D:7      | Killed Joseph
  7058 | D:7      | Reached XP level 10. HP: 11/68 MP: 10/10
  7107 | D:7      | Reached *** piety under Qazlal
  7247 | D:7      | Found a flagged portal.
  7324 | Bailey   | Entered a bailey
  7378 | Bailey   | Reached skill level 5 in Armour
  7699 | Bailey   | Noticed an orc knight
  7717 | Bailey   | Killed an orc knight
  7732 | Bailey   | Noticed an orc knight
  7751 | Bailey   | Killed an orc knight
  7861 | Bailey   | Noticed an orc knight
  7890 | Bailey   | Killed an orc knight
  7962 | Bailey   | Noticed an orc knight
  7973 | Bailey   | Killed from afar by an orc priest

Skill      XL: |  1  2  3  4  5  6  7  8  9 10 |
---------------+-------------------------------+-----
Staves         | 4 5 7 9 10 | 10.2
Fighting       | 6 10 | 10.0
Armour         | 3 9 |  9.2
Throwing       | |  1.7
Dodging        | |  2.4

Action                   |  1- 3 |  4- 6 |  7- 9 | 10-12 || total
-------------------------+-------+-------+-------+-------++-------
Melee: Quarterstaff      |   110 |   207 |   510 |   164 ||   991
Invok: Upheaval          |       |       |       |     2 ||     2
       Elemental Force   |       |       |       |     2 ||     2
Evoke: Wand              |     1 |       |     1 |       ||     2
  Use: Scroll            |       |     6 |     3 |     3 ||    12
       Potion            |       |     4 |    12 |     7 ||    23
  Eat: Chunk             |     1 |     7 |    11 |     3 ||    22
       Fruit             |       |       |     1 |       ||     1
Armor: Ring mail         |    52 |    94 |   109 |    36 ||   291
Dodge: Dodged            |    54 |   135 |   203 |   107 ||   499
Block: Other             |       |    12 |    80 |    87 ||   179
